 Dungeon Crawl Stone Soup version 0.20.0 (webtiles) character file.

186 chickenpie the Cudgeler (level 5, -1/33 HPs)
             Began as a Gargoyle Berserker on June 6, 2017.
             Was a Believer of Trog.
             Slain by LeviathanJH's ghost (4 damage)
             ... on level 3 of the Dungeon.
             The game lasted 00:07:36 (3011 turns).

chickenpie the Cudgeler (Gargoyle Berserker)        Turns: 3011, Time: 00:07:36

Health: -1/33      AC: 14    Str: 21    XL:     5   Next: 65%
Magic:  5/5        EV:  8    Int:  8    God:    Trog [**....]
Gold:   77         SH:  0    Dex:  9    Spells: 4/4 levels left

rFire    . . .     SeeInvis .   b - -2 halberd (curse)
rCold    . . .     Gourm    .   (shield currently unavailable)
rNeg     + . .     Faith    .   e - +0 chain mail
rPois    ∞         Spirit   .   (no helmet)
rElec    +         Reflect  .   h - +0 cloak
rCorr    .         Harm     .   (no gloves)
MR       .....                  (no boots)
Stlth    ..........             (no amulet)
Regen    0.2/turn               f - -2 ring of slaying (curse)
MPRegen  0.1/turn               (no ring)

@: no status effects
A: negative energy resistance 1, electricity resistance, unbreathing,
petrification resistance, rot immunity, AC +4
a: Berserk, Trog's Hand, Burn Spellbooks, Renounce Religion


You were on level 3 of the Dungeon.
You worshipped Trog.
Trog was pleased with you.
You were near starving.

You visited 1 branch of the dungeon, and saw 3 of its levels.

You collected 77 gold pieces.

Inventory:

Hand Weapons
 a - a +0 mace
 b - a cursed -2 halberd (weapon)
Armour
 e - a +0 chain mail (worn)
 h - a +0 cloak (worn)
Jewellery
 f - a cursed -2 ring of slaying (left hand)
Scrolls
 d - 4 scrolls of identify
Potions
 c - 3 potions of heal wounds {unknown}
 g - 2 potions of curing


   Skills:
 + Level 4.1 Fighting
 + Level 4.9 Maces & Flails
 + Level 0.3 Polearms
 * Level 2.7 Armour
 - Level 1.9 Dodging
 * Level 1.9 Stealth


You had 4 spell levels left.
You didn't know any spells.

Dungeon Overview and Level Annotations

Branches:
Dungeon (3/15)

Altars:

Annotations:
D:3 LeviathanJH's ghost, amateur DrTm


Innate Abilities, Weirdness & Mutations

You are resistant to torment.
Your stone body is resilient. (AC +4)
You are immune to poison.
You resist negative energy. (rN+)
You are resistant to electric shocks. (rElec)
You can survive without breathing.
You are immune to petrification.
You are immune to rotting.


Message History

LeviathanJH's ghost wails, "Very impressive.
But it won't help.
Nothing will."
LeviathanJH's ghost hits you but does no damage.
The adder closely misses you.
You barely miss the adder. The bat closely misses you.
The adder bites you but does no damage. The bat barely misses you.
LeviathanJH's ghost screams, "I'll kill anyone who wants the ORB!"
LeviathanJH's ghost hits you. The adder barely misses you.
LeviathanJH's ghost hits you but does no damage.
You closely miss the adder. The bat closely misses you.
The bat barely misses you. The adder bites you but does no damage.
The bat hits you but does no damage. LeviathanJH's ghost hits you.
* * * LOW HITPOINT WARNING * * *
The adder closely misses you.
You miss the adder. The bat hits you but does no damage.
The adder bites you but does no damage. LeviathanJH's ghost hits you.
* * * LOW HITPOINT WARNING * * *
The adder bites you but does no damage. LeviathanJH's ghost barely misses you.
You miss the adder. The bat hits you but does no damage.
The adder barely misses you. LeviathanJH's ghost hits you.
You die...

....#.... ...
.....###. ..
......#### ##?.
#.##.....### #..
#.###.##...# #.#
#)#....###.####.#
..#....#
#.....b##
.##....#
#####..S#
.##....# #..#@##
###..... #.##.W#
#####. ...
##....... #. .###
....... # .......
####... ... ..


You could see LeviathanJH's ghost, an adder and a bat.

Vanquished Creatures
  Jessica (D:2)
  Robin (D:1)
  2 adders (D:2)
  4 gnolls
  An ooze (D:1)
  3 worms
  3 dart slugs
  2 leopard geckos
  2 bats (D:1)
  3 giant cockroaches
  17 goblins
  10 hobgoblins
  7 jackals
  4 kobolds
  3 frilled lizards
  6 rats (D:1)
69 creatures vanquished.

Notes
Turn   | Place    | Note
-------+----------+-------------------------------------------
     0 | D:1      | chickenpie the Gargoyle Berserker began the quest for the Orb.
     0 | D:1      | Reached XP level 1. HP: 14/14 MP: 1/1
    61 | D:1      | Reached XP level 2. HP: 19/19 MP: 2/2
   144 | D:1      | Reached XP level 3. HP: 23/24 MP: 3/3
   516 | D:1      | Reached ** piety under Trog
  1053 | D:2      | Noticed Robin
  1244 | D:1      | Reached XP level 4. HP: 24/29 MP: 4/4
  1354 | D:1      | Killed Robin
  1834 | D:1      | Reached skill level 1 in Stealth
  1928 | D:2      | Reached XP level 5. HP: 27/33 MP: 5/5
  2292 | D:2      | Noticed Jessica
  2307 | D:2      | Killed Jessica
  3000 | D:3      | Noticed LeviathanJH's ghost (amateur DrTm)
  3011 | D:3      | Slain by LeviathanJH's ghost

Skill      XL: |  1  2  3  4 |
---------------+-------------+-----
Maces & Flails | 4 |  4.9
Stealth        | 1 |  1.9
Fighting       | 4 |  4.1
Polearms       | |  0.3
Armour         | |  2.7
Dodging        | |  1.9

Action                   |  1- 3 |  4- 6 || total
-------------------------+-------+-------++-------
Melee: Mace              |   113 |    50 ||   163
       Halberd           |       |   381 ||   381
Invok: Berserk           |       |     3 ||     3
       Burn Spellbooks   |       |     1 ||     1
  Use: Scroll            |       |     3 ||     3
  Eat: Bread ration      |     1 |       ||     1
       Chunk             |       |     5 ||     5
Armor: Animal skin       |    41 |       ||    41
       Leather armour    |    25 |    44 ||    69
       Chain mail        |       |   399 ||   399
Dodge: Dodged            |   131 |   370 ||   501
